 Dungeon Crawl Stone Soup version 0.18.1-50-g88ac8fd (webtiles) character file.

182 theRoog the Poker (level 5, -2/47 HPs)
             Began as a Minotaur Berserker on Sept 20, 2016.
             Was a Priest of Trog.
             Slain by an orc
             ... wielding a +0 trident
              (6 damage)
             ... on level 4 of the Dungeon.
             The game lasted 00:04:46 (1689 turns).

theRoog the Poker (Minotaur Berserker)              Turns: 1689, Time: 00:04:48

Health: -2/47      AC:  5    Str: 23    XL:     5   Next: 35%
Magic:  4/4        EV: 11    Int:  4    God:    Trog [***...]
Gold:   91         SH:  0    Dex:  9    Spells: 0 memorised, 4 levels left

rFire  . . .     SeeInvis .     a - +0 spear
rCold  . . .     Gourm    .     l - +0 ring mail
rNeg   . . .     Faith    .     t - +0 buckler
rPois  +         Spirit   .     (helmet restricted)
rElec  .         Dismiss  .     (no cloak)
rCorr  .         Reflect  .     (no gloves)
SustAt .         Harm     .     (no boots)
MR     .....                    (no amulet)
Stlth  ..........               (no ring)
                                q - ring of poison resistance

@: confused, not resistant to hostile enchantments, extremely unstealthy
A: retaliatory headbutt, horns 2
a: Berserk, Trog's Hand, Burn Spellbooks, Renounce Religion


You were on level 4 of the Dungeon.
You worshipped Trog.
Trog was most pleased with you.
You were not hungry.

You visited 1 branch of the dungeon, and saw 4 of its levels.

You collected 91 gold pieces.

Inventory:

Hand Weapons
 a - a +0 spear (weapon)
 o - a +0 war axe
 p - a +0 halberd
Armour
 b - a +0 animal skin
 l - a +0 ring mail (worn)
 t - a +0 buckler (worn)
Jewellery
 q - a ring of poison resistance (left hand)
Scrolls
 d - a scroll of noise
 g - a scroll of blinking
 i - a scroll of immolation
 j - a scroll of magic mapping
 k - a scroll of enchant armour {unknown}
 m - 5 scrolls of teleportation {unknown}
 n - 2 scrolls of amnesia {unknown}
 r - a scroll of identify
Potions
 e - 3 potions of heal wounds {unknown}
 f - 3 potions of degeneration {unknown}
 h - a potion of flight {unknown}
Comestibles
 c - 3 bread rations
 s - 3 meat rations
 u - 18 fruits


   Skills:
 + Level 4.8 Fighting
 + Level 4.9 Polearms
 + Level 3.6 Armour
 + Level 3.7 Dodging


You had 4 spell levels left.
You didn't know any spells.

Dungeon Overview and Level Annotations

Branches:
Dungeon (4/15)
 Temple: D:4-7

Altars:
Nemelex Xobeh
Yredelemnul
Zin


Innate Abilities, Weirdness & Mutations

You reflexively headbutt those who attack you in melee.
You have a pair of horns on your head.


Message History

* * * LOW HITPOINT WARNING * * *
You bump into the rock wall.
Something hits you.
* * * LOW HITPOINT WARNING * * *
You bump into the rock wall.
The orc closely misses you. Something hits you.
* * * LOW HITPOINT WARNING * * *
You're too confused to move!
The orc hits you but does no damage. Something hits you but does no damage.
You bump into the rock wall.
The orc barely misses you. Something hits you but does no damage.
The orc completely misses you. Something hits you but does no damage.
Items here: ))) [[ †† You're too confused!
You're too confused!
You're too confused!
You miss something. Your headbutt misses something.
Something hits you but does no damage. The orc barely misses you.
You hit something. You headbutt something. Something hits you.
* * * LOW HITPOINT WARNING * * *
The orc hits you from afar with a trident.
You die...

# # # ##############
.............# #########
##.#########.# #........
##...#.....#.# #........
####.#...#.#.####........
................@........
#..#.....#.#.###{........
...#...#.#.#.# #.o.......
.......#.#.#.# #....?!...
...#.#.#.#.#.# ##(#######
##.#.#...#.#.# #.#
.#.#.#####.#.# #.. .#.#.
..#.# ##. ##.# ###..


You could see an orc.

Vanquished Creatures
  An orc priest (D:3)
  Natasha (D:3)
  2 adders (D:3)
  3 gnolls (D:2)
  4 worms
  4 dart slugs
  A giant gecko (D:3)
  6 orcs
  2 giant cockroaches
  6 hobgoblins
  2 jackals (D:2)
  8 kobolds
  7 bats
  A giant newt (D:3)
  5 goblins
  7 rats
60 creatures vanquished.

Notes
Turn   | Place    | Note
--------------------------------------------------------------
     0 | D:1      | theRoog the Minotaur Berserker began the quest for the Orb.
     0 | D:1      | Reached XP level 1. HP: 19/19 MP: 0/0
    66 | D:1      | Reached XP level 2. HP: 22/27 MP: 1/1
   620 | D:2      | Reached ** piety under Trog
   623 | D:2      | Reached XP level 3. HP: 33/33 MP: 2/2
   687 | D:2      | Reached XP level 4. HP: 28/41 MP: 3/3
  1118 | D:3      | Found a glowing silver altar of Zin.
  1210 | D:3      | Reached XP level 5. HP: 47/47 MP: 4/4
  1294 | D:3      | Found a basalt altar of Yredelemnul.
  1356 | D:3      | Reached *** piety under Trog
  1405 | D:3      | Noticed Natasha
  1416 | D:3      | Killed Natasha
  1612 | D:4      | Found a sparkling altar of Nemelex Xobeh.
  1689 | D:4      | Slain by an orc

Skill      XL: |  1  2  3  4 |
---------------+-------------+-----
Polearms       | 4 |  4.9
Fighting       | 4 |  4.8
Armour         | 3 |  3.6
Dodging        | 3 |  3.7

Action                   |  1- 3 |  4- 6 || total
-------------------------+-------+-------++-------
Melee: Spear             |   107 |   110 ||   217
       Headbutt          |    15 |    14 ||    29
  Use: Scroll            |       |     4 ||     4
  Eat: Bread ration      |       |     1 ||     1
Armor: Animal skin       |    12 |       ||    12
       Ring mail         |    10 |    35 ||    45
Dodge: Dodged            |    39 |    61 ||   100
Block: Buckler           |       |     3 ||     3
